 Dungeon Crawl Stone Soup version 0.16.1-14-g82efdee (webtiles) character file.

100 hulla the Changer (level 4, 0/28 HPs)
             Began as an Octopode Transmuter on Apr 11, 2015.
             Slain by an orc wizard
             ... wielding a +0 dagger
              (3 damage)
             ... on level 3 of the Dungeon.
             The game lasted 00:08:11 (2838 turns).

hulla the Changer (Octopode Transmuter)             Turns: 2838, Time: 00:08:12

Health: 0/28       AC:  2    Str:  9    XL:     4   Next: 73%
Magic:  3/7        EV: 19    Int: 16    God:
Gold:   89         SH:  0    Dex: 17    Spells: 3 memorised, 1 level left

rFire  + . .     SeeInvis .       - Unarmed
rCold  . . .     Clarity  .     (shield currently unavailable)
rNeg   . . .     SustAb   +     (helmet currently unavailable)
rPois  x         Gourm    .     (no amulet)
rElec  .         Spirit   .     h - ring of protection from fire
rCorr  .         Warding  .     p - ring of sustain abilities
rMut   .         Stasis   .     (no ring)
MR     .....                    (no ring)
Stlth  ++........               (no ring)
                                (no ring)
                                (no ring)
                                (no ring)

@: spider-form, not resistant to hostile enchantments, unstealthy
A: almost no armour, amphibious, 8 rings, (constrict 8), (camouflage 0),
(gelatinous body 0)
a: End Transformation


You were on level 3 of the Dungeon.
You were very hungry.
You were a venomous arachnid creature.
You visited 1 branch of the dungeon, and saw 3 of its levels.

You collected 89 gold pieces.

Inventory:

Hand weapons
 k - a +0 hunting sling
Missiles
 b - 45 arrows
 g - 42 stones (quivered)
 i - 12 poisoned needles
Jewellery
 h - a ring of protection from fire (left front leg)
 p - a ring of sustain abilities (right front leg)
Scrolls
 e - a scroll of fear
Potions
 c - a potion of lignification {unknown}
 o - 2 potions of cancellation
Books
 d - a book of Changes

   Spells                             Type                      Level
   a - Beastly Appendage              Transmutation                1
   b - Sticks to Snakes               Transmutation                2
   c - Spider Form                    Transmutation/Poison         3
   d - Ice Form                       Ice/Transmutation            4
   e - Blade Hands                    Transmutation                5
Comestibles
 a - 2 bread rations
 j - a meat ration
 l - a royal jelly
 n - a beef jerky


   Skills:
 - Level 1.0 Fighting
 - Level 2.0 Dodging
 - Level 3.0 Unarmed Combat
 - Level 2.0 Spellcasting
 + Level 4.1 Transmutations
 + Level 2.5 Poison Magic


You had one spell level left.
You knew the following spells:

 Your Spells              Type           Power        Failure   Level  Hunger
a - Beastly Appendage     Trmt           ##....       14%         1    #......
b - Spider Form           Trmt/Pois      ##........   36%         3    ###....
c - Sticks to Snakes      Trmt           ##........   21%         2    ###....


Dungeon Overview and Level Annotations

Branches:
Dungeon (3/15)

Altars:
Elyvilon


Innate Abilities, Weirdness & Mutations

You cannot wear most types of armour.
You are amphibious.
You can wear up to eight rings at the same time.
((You can use your tentacles to constrict many enemies at once.))
((Your skin changes colour to match your surroundings (Stealth).))
((Your rubbery body absorbs attacks (AC +1).))


Message History

* * * LOW HITPOINT WARNING * * *
Drink which item? (? for menu, Esc to quit)
You feel better.
Your transformation has ended.
Something hits you!
Unknown command.
Drink which item? (? for menu, Esc to quit)
Okay, then.
Casting: Spider Form
Confirm with . or Enter, or press ? or * to list all spells.
You turn into a venomous arachnid creature.
Something hits you but does no damage.
You miss something. Something hits you.
* * * LOW HITPOINT WARNING * * *
You miss something. Something hits you.
* * * LOW HITPOINT WARNING * * *
You hit something but do no damage. Something hits you.
* * * LOW HITPOINT WARNING * * *
You completely miss something. Something hits you.
You die...

.. ..# ..#
##..# #...#
#.#.# # #.#.#.#
##.######.#.#.#
#...[.o{s.....#
.....####.#.###
...........#
.....##.### ...
#.# . #<# #.#
#.# #.#


You could see an orc.

Vanquished Creatures
  4 adders
  A giant gecko (D:2)
  An ooze (D:2)
  3 orcs (D:3)
  5 bats
  8 goblins
  9 hobgoblins
  7 jackals (D:2)
  5 kobolds
  A ball python (D:1)
  4 giant cockroaches
  4 giant newts
  5 rats
57 creatures vanquished.

Vanquished Creatures (others)
  A rat (D:2)
1 creature vanquished.

Grand Total: 58 creatures vanquished

Notes
Turn   | Place    | Note
--------------------------------------------------------------
     0 | D:1      | hulla, the Octopode Transmuter, began the quest for the Orb.
     0 | D:1      | Reached XP level 1. HP: 13/13 MP: 3/3
   250 | D:1      | Reached XP level 2. HP: 15/18 MP: 4/4
  1132 | D:1      | Reached XP level 3. HP: 10/23 MP: 4/6
  1363 | D:1      | Learned a level 3 spell: Spider Form
  1366 | D:1      | Learned a level 2 spell: Sticks to Snakes
  1650 | D:2      | Reached skill level 1 in Poison Magic
  1786 | D:2      | Found a white marble altar of Elyvilon.
  1835 | D:2      | Reached XP level 4. HP: 19/28 MP: 3/7
  2422 | D:2      | Reached skill level 4 in Transmutations
  2838 | D:3      | Slain by an orc wizard

Action                   |  1- 3 |  4- 6 || total
-------------------------+-------+-------++-------
Melee: Unarmed           |    86 |    66 ||   152
Throw: Stone             |     7 |     2 ||     9
 Cast: Beastly Appendage |     7 |     4 ||    11
       Spider Form       |     2 |     4 ||     6
  Use: Scroll            |     7 |       ||     7
       Potion            |     2 |     1 ||     3
 Stab: Sleeping          |     1 |       ||     1
  Eat: Chunk             |     3 |     3 ||     6
